 Dungeon Crawl Stone Soup version 0.27-a0-1448-g9c78c815f3 (webtiles) character file.

Game seed: 8242827791168610714

9 AarnesTheHuman the Shield-Bearer (level 2, -1/24 HPs)
             Began as a Formicid Fighter on July 5, 2021.
             Succumbed to a kobold's poison
             ... on level 1 of the Dungeon.
             The game lasted 00:00:45 (486 turns).

AarnesTheHuman the Shield-Bearer (Formicid Fighter)  Turns: 486, Time: 00:00:45

Health: -1/24      AC:  6    Str: 20    XL:     2   Next: 20%
Magic:  2/2        EV:  8    Int:  7    God:
Gold:   28         SH:  9    Dex: 10    Spells: 1/1 levels left

rFire    . . .     SeeInvis +   a - +0 quarterstaff
rCold    . . .     Faith    .   c - +0 kite shield
rNeg     . . .     Spirit   .   b - +0 scale mail
rPois    .         Reflect  .   (helmet unavailable)
rElec    .         Harm     .   (no cloak)
rCorr    .         Rampage  .   (no gloves)
Will     .....                  (no boots)
Stlth    ..........             (no amulet)
HPRegen  0.08/turn              (no ring)
MPRegen  0.08/turn              (no ring)

@: lethally poisoned (-1 -> -24)
A: permanent stasis, dig shafts and tunnels, antennae 3, four strong arms
a: Dig, Shaft Self


You were on level 1 of the Dungeon.
You visited 1 branch of the dungeon, and saw 1 of its levels.

You collected 28 gold pieces.

Inventory:

Hand Weapons
 a - a +0 quarterstaff (weapon)
Armour
 b - a +0 scale mail (worn)
 c - a +0 kite shield (worn)
Scrolls
 e - a scroll of teleportation {unknown}
Potions
 d - a potion of might


   Skills:
 + Level 3.4 Fighting
 + Level 2.1 Staves
 + Level 3.4 Armour
 * Level 3.9 Shields


You had one spell level left.
You didn't know any spells.
Your spell library was empty.

Dungeon Overview and Level Annotations

Branches:
Dungeon (1/15)

Altars:


Innate Abilities, Weirdness & Mutations

You cannot be hasted, slowed, berserked, paralysed or teleported.
You can dig through walls and to a lower floor.
You have a pair of large antennae on your head. (SInv)
Your four strong arms can wield two-handed weapons with a shield.


Message History

You hit the rat.
The rat is heavily wounded.
You block the rat's attack.
You barely miss the rat.
The rat is heavily wounded.
The rat completely misses you. The rat bites you.
You sock the rat!
You kill the rat!
No target in view!
You see here 21 stones.
A kobold comes into view. It is wielding a +0 dagger of venom.
The kobold shouts!
The kobold throws a stone.
You block the stone.
You hit the kobold but do no damage. You block the kobold's attack.
You closely miss the kobold. The kobold hits you but does no damage.
You are poisoned.
A hobgoblin comes into view.
You block the kobold's attack.
You miss the kobold.
You feel very sick. The kobold hits you but does no damage.
You hit the kobold but do no damage.
You feel sick. You block the kobold's attack. x2
You completely miss the kobold.
You feel sick. The kobold hits you but does no damage.
You barely miss the kobold.
You feel sick. The kobold hits you but does no damage.
You are more poisoned.
You closely miss the kobold.
You feel very sick. The kobold closely misses you.
The kobold hits you with a +0 dagger of venom.
You are lethally poisoned!
You closely miss the kobold.
* * * LOW HITPOINT WARNING * * *
You feel very sick. The kobold hits you but does no damage.
You are more poisoned.
You barely miss the kobold.
You die...

#..... #.....
#.######..... ###
#............
..###########.....
#.##..............
#g##.###..........
#K##.# #.#####.#..
#@##.# #.# #)...
#.##.# #.# #.#.#
#.##.# #.#####.#.#
#.##.# #.#.......#
####.##.###.#.###.###
##.##........(.# #.# #
#...รท.(......### #.#
#
##.#####.#########.###
##...##
#.######.......


You could see a hobgoblin and a kobold.

Vanquished Creatures
  A ball python (D:1)
  A bat (D:1)
  A giant cockroach (D:1)
  2 goblins (D:1)
  A frilled lizard (D:1)
  2 rats (D:1)
8 creatures vanquished.

Notes
Turn   | Place    | Note
-------+----------+-------------------------------------------
     0 | D:1      | AarnesTheHuman the Formicid Fighter began the quest for the
                  | Orb.
     0 | D:1      | Reached XP level 1. HP: 18/18 MP: 1/1
     2 | D:1      | Noticed a troll
     2 | D:1      | Noticed a djinni
     4 | D:1      | Noticed a felid
     4 | D:1      | Noticed a draconian
     6 | D:1      | Noticed a tengu
     8 | D:1      | Noticed a vampire
    10 | D:1      | Noticed an octopode
    10 | D:1      | Noticed an ogre
    12 | D:1      | Noticed a demonspawn
    12 | D:1      | Noticed a ghoul
    14 | D:1      | Noticed a naga
    14 | D:1      | Noticed a vine stalker
    16 | D:1      | Noticed a dwarf
    16 | D:1      | Noticed a barachi
    18 | D:1      | Noticed a spriggan
    18 | D:1      | Noticed a demigod
    20 | D:1      | Noticed a merfolk
    20 | D:1      | Noticed a formicid
    22 | D:1      | Noticed a gargoyle
    24 | D:1      | Noticed a minotaur
    24 | D:1      | Noticed a human
    26 | D:1      | Noticed a palentonga
    26 | D:1      | Noticed an elf
   307 | D:1      | Reached XP level 2. HP: 24/24 MP: 2/2
   486 | D:1      | Succumbed to a kobold's poison

Illustrated notes

Levels and vault maps discovered:
D:1:      kb_arrival_jail, layout_loops_ring

Action                   || total
-------------------------++-------
Melee: Quarterstaff      ||    37
Armor: Scale mail        ||    21
Dodge: Dodged            ||    12
Block: Kite shield       ||    29

Table legend: (Time is in decaauts)
 A = Elapsed time spent in this place.
 B = Non-inter-level travel time spent in this place.
 C = Inter-level travel time spent in this place.
 D = Time resting spent in this place.
 E = Time spent auto-exploring this place.
 F = Levels seen in this place.
 G = Mean time per level.
                   A        B        C        D        E       F      G
               +--------+--------+--------+--------+--------+-----+--------+
         Total |    499 |    499 |      0 |    151 |    254 |   1 |  499.0 |
       Dungeon |    499 |    499 |      0 |    151 |    254 |   1 |  499.0 |
               +--------+--------+--------+--------+--------+-----+--------+

Top non-repeatable levels by time:
     D:1: 499 daAuts
